 Dungeon Crawl Stone Soup version 0.22.1-1-ga44c0e56f4 (webtiles) character file.

2784 Knicklaso the Slinger (level 10, -5/67 (69) HPs)
             Began as a Halfling Abyssal Knight on Oct 3, 2018.
             Was a Priest of Lugonu.
             Shot with a sling bullet by Joseph (21 damage)
             ... on level 7 of the Dungeon.
             The game lasted 00:31:29 (11816 turns).

Knicklaso the Slinger (Halfling Abyssal Knight)    Turns: 11816, Time: 00:31:30

HP:   -5/67 (69)    AC:  8    Str: 13    XL:     10   Next: 1%
MP:   15/15         EV: 13    Int: 10    God:    Lugonu [***...]
Gold: 213           SH:  0    Dex: 18    Spells: 9/9 levels left

rFire    + . .     SeeInvis .   a - +2 dagger (venom)
rCold    . . .     Gourm    .   (shield restricted)
rNeg     . . .     Faith    .   D - +0 ring mail
rPois    .         Spirit   .   w - +0 helmet
rElec    .         Reflect  .   x - +0 cloak
rCorr    .         Harm     .   (no gloves)
MR       .....                  k - +0 pair of boots
Stlth    +.........             (no amulet)
HPRegen  0.21/turn              g - ring of protection from fire
MPRegen  0.14/turn              (no ring)

@: no status effects
A: small, mutation resistance 1
a: Depart the Abyss, Bend Space, Banish, Renounce Religion


You were on level 7 of the Dungeon.
You worshipped Lugonu.
Lugonu was most pleased with you.
You were not hungry.

You visited 1 branch of the dungeon, and saw 7 of its levels.
You visited the Abyss 1 time.

You collected 369 gold pieces.
You spent 156 gold pieces at shops.

Inventory:

Hand Weapons
 a - a +2 dagger of venom (weapon)
 b - a +0 hunting sling
 y - a +2 long sword of slicing
Missiles
 f - 12 poisoned needles
 j - 203 stones (quivered)
 m - 23 sling bullets
 C - 5 needles of sleeping
Armour
 k - a +0 pair of boots (worn)
 t - a +0 robe
 w - a +0 helmet (worn)
 x - a +0 cloak (worn)
 D - a +0 ring mail (worn)
 J - a +1 robe of cold resistance
Jewellery
 g - a ring of protection from fire (left hand)
 E - an uncursed ring of resist corrosion {unknown}
Wands
 d - a wand of random effects (45)
 I - a wand of acid (9)
Scrolls
 h - 3 scrolls of remove curse
 i - 3 scrolls of fog {unknown}
 l - 4 scrolls of teleportation
 r - 9 scrolls of identify
 u - 3 scrolls of enchant armour {unknown}
 v - a scroll of magic mapping {unknown}
 B - a scroll of blinking {unknown}
 F - a scroll of immolation {unknown}
Potions
 e - a potion of mutation {unknown}
 n - 2 potions of magic {unknown}
 o - 2 potions of heal wounds
 p - 2 potions of curing {unknown}
 q - 2 potions of haste {unknown}
 s - a potion of agility {unknown}
 z - a potion of degeneration {unknown}
 G - 2 potions of brilliance {unknown}
 H - a potion of cancellation {unknown}
Comestibles
 c - 3 rations
 A - 12 chunks of flesh


   Skills:
 + Level 6.8 Fighting
 - Level 2.4 Short Blades
 - Level 12.0 Slings
 - Level 2.1 Armour
 - Level 1.1 Dodging
 + Level 7.7 Invocations


You had 9 spell levels left.
You didn't know any spells.
Your spell library was empty.

Dungeon Overview and Level Annotations

Branches:
Dungeon (7/15)             Temple (0/1) D:5

Altars:
Dithmenos
Makhleb
Ru
Sif Muna
Trog
Wu Jian
Zin

Shops:
D:5 [::=   D:6 }(*

Annotations:
D:3 Blork the orc
D:4 Duvessa, Sigmund
D:7 Joseph


Innate Abilities, Weirdness & Mutations

You are small and have problems with some larger weapons.
You are somewhat resistant to further mutation.


Message History

Your +2 dagger of venom begins to drip with poison!
a - a +2 dagger of venom (weapon)
Joseph shoots a sling bullet.
The sling bullet hits you!
Joseph unwields an uncursed hunting sling.
Joseph wields an uncursed quarterstaff.
Joseph hits you with an uncursed quarterstaff.
You hit Joseph but do no damage.
Joseph is poisoned.
Joseph is moderately wounded.
You hit Joseph.
Joseph looks even sicker.
Joseph is moderately wounded.
Joseph hits you with an uncursed quarterstaff!
* * * LOW HITPOINT WARNING * * *
You hit Joseph.
Joseph looks as sick as possible!
Joseph is moderately wounded.
Joseph hits you with an uncursed quarterstaff.
* * * LOW HITPOINT WARNING * * *
Joseph unwields an uncursed quarterstaff.
Joseph wields an uncursed hunting sling.
Joseph shoots a sling bullet.
The sling bullet hits you!!
You die...

....(....##...#.#.......#
.[..............@.......#
.......).##...#.#...<...#
...#####.............(..#
.........##........######
(..#####.##....[##.# (..#
#.##.....##.#
)..#####.###...###@#
...(..##........@..#
#.###(##.......#####
..###.###.##.#.#
##...)..#.##...####
##(##.#..............
..(##)#.#.###..######
..)<[.#.#......#
#######....##.##
#.##.##.#


You could see Joseph.

Vanquished Creatures
  5 yaks
  An orc warrior (D:6)
  An ice beast (D:5)
  2 sky beasts (D:6)
  A necrophage (D:6)
  2 ogres
  2 centaurs (D:7)
  A big kobold (D:6)
  3 bullfrogs
  A gnoll sergeant (D:5)
  Dowan (D:4)
  3 scorpions
  A crimson imp (D:6)
  5 hounds
  2 orc priests (D:5)
  A jelly (D:5)
  7 orc wizards
  2 worker ants
  2 hound skeletons
  A howler monkey zombie (D:6)
  3 gnolls
  3 howler monkey skeletons (D:7)
  7 adders
  An ooze (D:1)
  An adder zombie (D:5)
  An adder skeleton (D:4)
  2 worms (D:5)
  A dart slug (D:1)
  3 leopard geckos
  19 orcs
  11 bats
  5 giant cockroaches
  5 goblins
  5 hobgoblins
  6 jackals
  3 quokkas
  2 ball pythons
  2 frilled lizards (D:1)
  A giant cockroach zombie (D:6)
  7 kobolds
  6 rats
138 creatures vanquished.

Vanquished Creatures (others)
  2 plants (D:4)
2 creatures vanquished.

Grand Total: 140 creatures vanquished

Notes
Turn   | Place    | Note
-------+----------+-------------------------------------------
     0 | Abyss:1  | Knicklaso the Halfling Abyssal Knight began the quest for
                  | the Orb.
     0 | Abyss:1  | Reached XP level 1. HP: 15/15 MP: 2/2
     2 | D:1      | Escaped the Abyss
   126 | D:1      | Reached skill level 1 in Slings
   176 | D:1      | Reached XP level 2. HP: 16/20 MP: 3/3
   271 | D:1      | Reached skill level 2 in Slings
   519 | D:1      | Reached XP level 3. HP: 25/25 MP: 4/4
   612 | D:1      | Reached ** piety under Lugonu
   926 | D:1      | Reached skill level 3 in Slings
  1533 | D:2      | Found a faded altar of an unknown god.
  1740 | D:2      | Found a deep blue altar of Sif Muna.
  2255 | D:3      | Reached XP level 4. HP: 29/31 MP: 4/6
  2337 | D:3      | Found a glowing silver altar of Zin.
  2664 | D:3      | Reached skill level 4 in Slings
  3046 | D:2      | Reached XP level 5. HP: 15/36 MP: 7/7
  3674 | D:4      | Noticed Sigmund
  3732 | D:4      | Reached skill level 5 in Slings
  3759 | D:4      | Noticed Blork the orc
  4049 | D:3      | Reached XP level 6. HP: 8/42 MP: 8/8
  4537 | D:4      | Noticed Dowan
  4540 | D:4      | Noticed Duvessa
  4838 | D:4      | Found an ornate altar of the Wu Jian Council.
  5112 | D:4      | Found a shadowy altar of Dithmenos.
  5217 | D:4      | Reached skill level 6 in Slings
  5494 | D:4      | Killed Dowan
  5494 | D:4      | Reached XP level 7. HP: 42/48 MP: 8/10
  6433 | D:5      | Entered Level 5 of the Dungeon
  6583 | D:5      | Found Guggurui's Jewellery Shoppe.
  6588 | D:5      | Found Bohu's Book Shoppe.
  6722 | D:5      | Reached skill level 7 in Slings
  6965 | D:5      | Found Wotwaeg's Armour Boutique.
  6984 | D:5      | Found Cobull's Book Emporium.
  7484 | D:5      | Found a staircase to the Ecumenical Temple.
  7534 | D:5      | Reached skill level 8 in Slings
  7534 | D:5      | Reached XP level 8. HP: 53/54 MP: 9/11
  7951 | D:6      | Found Sasatozi's General Store.
  7973 | D:6      | Reached skill level 5 in Invocations
  8167 | D:6      | Bought a scroll of identify for 24 gold pieces
  8167 | D:6      | Bought a potion of heal wounds for 60 gold pieces
  8167 | D:6      | Bought a scroll of teleportation for 36 gold pieces
  8167 | D:6      | Bought a scroll of remove curse for 36 gold pieces
  8216 | D:6      | Found Gaiga's Antique Weapon Emporium.
  8307 | D:6      | Reached skill level 9 in Slings
  8649 | D:6      | Reached skill level 5 in Fighting
  8711 | D:6      | Reached *** piety under Lugonu
  8867 | D:6      | Found a sacrificial altar of Ru.
  8901 | D:6      | Found Amenise's Gadget Shoppe.
  8952 | D:6      | Found a bloodstained altar of Trog.
  8961 | D:6      | Reached skill level 10 in Slings
  8966 | D:6      | Found a burning altar of Makhleb.
  9124 | D:6      | Found a burning altar of Makhleb.
  9606 | D:7      | Reached XP level 9. HP: 59/59 MP: 13/13
 10629 | D:6      | Reached skill level 11 in Slings
 11137 | D:6      | Reached skill level 12 in Slings
 11673 | D:7      | Reached XP level 10. HP: 55/67 MP: 15/15
 11777 | D:7      | Noticed Joseph
 11816 | D:7      | Shot with a sling bullet by Joseph

Skill      XL: |  1  2  3  4  5  6  7  8  9 |
---------------+----------------------------+-----
Slings         | 1 2 3 4 5 6 8 10 12 | 12.0
Fighting       | 3 4 5 6 |  6.8
Invocations    | 3 4 5 7 |  7.7
Short Blades   | |  2.4
Armour         | |  2.1
Dodging        | |  1.1

Action                   |  1- 3 |  4- 6 |  7- 9 | 10-12 || total
-------------------------+-------+-------+-------+-------++-------
Melee: Short sword       |    68 |    20 |       |       ||    88
       Whip              |       |     3 |       |       ||     3
       Dagger            |       |       |   163 |     3 ||   166
 Fire: Hunting sling     |    54 |   175 |   296 |    24 ||   549
Throw: Tomahawk          |       |       |    18 |       ||    18
Invok: Bend Space        |       |     1 |     9 |       ||    10
  Use: Potion            |       |       |     2 |       ||     2
  Eat: Chunk             |     1 |     8 |    13 |     1 ||    23
       Ration            |     1 |       |     2 |       ||     3
Armor: Leather armour    |    18 |       |       |       ||    18
       Robe              |       |    22 |       |       ||    22
       Ring mail         |       |    11 |   107 |       ||   118
Dodge: Dodged            |    68 |    74 |   207 |     6 ||   355
